 Dungeon Crawl Stone Soup version 0.26-a0-854-gdc81c2f471 (webtiles) character file.

Game seed: 7407100398615832699

345 Lemonice the Covert (level 6, -6/53 HPs)
             Began as a Gnoll Delver on Nov 24, 2020.
             Mangled by a wyvern skeleton (10 damage)
             ... on level 6 of the Dungeon.
             The game lasted 00:02:50 (562 turns).

Lemonice the Covert (Gnoll Delver)                   Turns: 562, Time: 00:02:51

Health: -6/53      AC:  4    Str: 16    XL:     6   Next: 58%
Magic:  9/9        EV: 15    Int: 13    God:
Gold:   42         SH:  0    Dex: 16    Spells: 9/9 levels left

rFire    . . .     SeeInvis .   h - +2 short sword (vamp)
rCold    . . .     Faith    .   (no shield)
rNeg     . . .     Spirit   .   b - +0 leather armour
rPois    .         Reflect  .   i - +0 helmet
rElec    .         Harm     .   (no cloak)
rCorr    .         Rampage  .   (no gloves)
MR       .....                  (no boots)
Stlth    +++++.....             (no amulet)
HPRegen  0.17/turn              k - ring of stealth
MPRegen  0.11/turn              (no ring)

@: no status effects
A: distributed training, fangs 1, strong nose
a: no special abilities


You were on level 6 of the Dungeon.
You visited 1 branch of the dungeon, and saw 2 of its levels.

You collected 42 gold pieces.

Inventory:

Hand Weapons
 a - a +0 spear
 h - a +2 vampiric short sword (weapon)
Armour
 b - a +0 leather armour (worn)
 i - a +0 helmet (worn)
Jewellery
 k - a ring of stealth (left hand)
Wands
 g - a wand of digging (3)
Scrolls
 c - a scroll of fog
 d - a scroll of random uselessness {unknown}
 e - a scroll of fear
 l - a scroll of teleportation {unknown}
 m - 3 scrolls of identify {unknown}
 o - a scroll of enchant armour {unknown}
 p - a scroll of remove curse {unknown}
Potions
 f - a potion of haste
 j - a potion of lignification {unknown}
 n - a potion of mutation {unknown}


   Skills:
 + Level 6.8 Fighting
 + Level 2.0 Short Blades
 + Level 2.0 Long Blades
 + Level 2.0 Axes
 + Level 2.0 Maces & Flails
 + Level 5.0 Polearms
 + Level 2.0 Staves
 + Level 2.0 Slings
 + Level 2.0 Bows
 + Level 2.0 Crossbows
 + Level 2.0 Throwing
 + Level 2.0 Armour
 + Level 5.0 Dodging
 + Level 9.7 Stealth
 + Level 2.0 Shields
 + Level 2.0 Unarmed Combat
 + Level 2.0 Spellcasting
 + Level 1.6 Conjurations
 + Level 1.6 Hexes
 + Level 1.6 Summonings
 + Level 1.6 Necromancy
 + Level 1.6 Translocations
 + Level 1.6 Transmutations
 + Level 1.6 Fire Magic
 + Level 1.6 Ice Magic
 + Level 1.6 Air Magic
 + Level 1.6 Earth Magic
 + Level 1.6 Poison Magic
 + Level 2.2 Invocations
 + Level 2.0 Evocations


You had 9 spell levels left.
You didn't know any spells.
Your spell library was empty.

Dungeon Overview and Level Annotations

Branches:
Dungeon (6/15)
 Temple: D:4-7

Altars:
Fedhas
Kikubaaqudgha
Yredelemnul
The Shining One

Shops:
D:5 =


Innate Abilities, Weirdness & Mutations

Your experience applies equally to all skills.
You have very sharp teeth.
Your uncanny sense of smell can sniff out nearby items.


Message History

The centaur hits you. The centaur misses you.
The wyvern skeleton bites you but does no damage.
You puncture the centaur!
You feel better.
The centaur is heavily wounded.
The centaur hits you. The wyvern skeleton bites you.
You hit the centaur.
You feel better.
You bite the centaur, but do no damage.
The centaur is severely wounded.
The centaur hits you.
* * * LOW HITPOINT WARNING * * *
The wyvern skeleton barely misses you. The centaur misses you.
You hit the centaur.
The centaur is almost dead.
The wyvern skeleton bites you!
* * * LOW HITPOINT WARNING * * *
The centaur misses you.
The wyvern skeleton bites you but does no damage.
You hit the centaur but do no damage.
The centaur is severely wounded.
The centaur misses you. The wyvern skeleton bites you!
You die...

#.# #.#
#.######### ##
#.#.#.#.#.# #.#
#.....$!......
#.#.#.#.#.#.#
#...........
#.#.#.#.#c#.#.#.
#.......@Z(.....
#.#.#.#(#.#.#.#!
#.....(.>......
#.#.#(#.#.#(#.#
#..†..........
#.#.#.#.#.#.#.#
#...###########
#####


You could see a centaur and a wyvern skeleton.

Vanquished Creatures
  A centaur (D:6)
  2 bullfrogs (D:6)
  3 hounds
  A worker ant (D:5)
  A white imp (D:5)
  An ufetubus (D:5)
  A leopard gecko (D:5)
  An orc (D:5)
  2 jackals (D:6)
  A quokka (D:5)
  A ball python skeleton (D:6)
  A frilled lizard (D:5)
16 creatures vanquished.

Notes
Turn   | Place    | Note
-------+----------+-------------------------------------------
     0 | D:5      | Reached skill level 9 in Stealth
     0 | D:5      | Lemonice the Gnoll Delver began the quest for the Orb.
     0 | D:5      | Reached XP level 1. HP: 23/23 MP: 1/1
    36 | D:5      | Reached XP level 2. HP: 13/29 MP: 2/2
    53 | D:5      | Found Ocheet's Jewellery Boutique.
    65 | D:5      | Found a glowing golden altar of the Shining One.
    90 | D:5      | Reached XP level 3. HP: 21/35 MP: 3/3
   102 | D:5      | Found an ancient bone altar of Kikubaaqudgha.
   231 | D:5      | Found a blossoming altar of Fedhas.
   240 | D:5      | Reached skill level 1 in Short Blades
   240 | D:5      | Reached skill level 1 in Long Blades
   240 | D:5      | Reached skill level 1 in Axes
   240 | D:5      | Reached skill level 1 in Maces & Flails
   240 | D:5      | Reached skill level 1 in Staves
   240 | D:5      | Reached skill level 1 in Slings
   240 | D:5      | Reached skill level 1 in Bows
   240 | D:5      | Reached skill level 1 in Crossbows
   240 | D:5      | Reached skill level 1 in Throwing
   240 | D:5      | Reached skill level 1 in Armour
   240 | D:5      | Reached skill level 1 in Shields
   240 | D:5      | Reached skill level 1 in Unarmed Combat
   240 | D:5      | Reached skill level 1 in Spellcasting
   240 | D:5      | Reached skill level 1 in Invocations
   240 | D:5      | Reached skill level 1 in Evocations
   240 | D:5      | Reached XP level 4. HP: 40/41 MP: 5/5
   319 | D:5      | Reached skill level 1 in Conjurations
   319 | D:5      | Reached skill level 1 in Hexes
   319 | D:5      | Reached skill level 1 in Summonings
   319 | D:5      | Reached skill level 1 in Necromancy
   319 | D:5      | Reached skill level 1 in Translocations
   319 | D:5      | Reached skill level 1 in Transmutations
   319 | D:5      | Reached skill level 1 in Fire Magic
   319 | D:5      | Reached skill level 1 in Ice Magic
   319 | D:5      | Reached skill level 1 in Air Magic
   319 | D:5      | Reached skill level 1 in Earth Magic
   319 | D:5      | Reached skill level 1 in Poison Magic
   342 | D:5      | Found a basalt altar of Yredelemnul.
   372 | D:6      | Noticed a bullfrog
   386 | D:6      | Killed a bullfrog
   387 | D:6      | Reached XP level 5. HP: 31/47 MP: 5/7
   493 | D:6      | Noticed a centaur
   503 | D:6      | Killed a centaur
   504 | D:6      | Reached XP level 6. HP: 51/53 MP: 8/8
   549 | D:6      | Reached skill level 5 in Polearms
   549 | D:6      | Reached skill level 5 in Dodging
   562 | D:6      | Mangled by a wyvern skeleton

Illustrated notes

Levels and vault maps discovered:
D:5:      layout_basic, tso_oasis_becter, old_standard_altar,
          lemuel_coloured_pillars_altar, nicolae_overflow_crystal_walls,
          serial_shops, kennysheep_mini
D:6:      layout_basic, enter_ossuary_5, serial_shops, nicolae_shop_waterfront,
          portal_sewer_entry_c, st_stairs_11, uniq_edmund

Skill      XL: |  1  2  3  4  5  6 |
---------------+-------------------+-----
Stealth        | |  9.7
Short Blades   | 1 2 |  2.0
Long Blades    | 1 2 |  2.0
Axes           | 1 2 |  2.0
Maces & Flails | 1 2 |  2.0
Staves         | 1 2 |  2.0
Slings         | 1 2 |  2.0
Bows           | 1 2 |  2.0
Crossbows      | 1 2 |  2.0
Throwing       | 1 2 |  2.0
Armour         | 1 2 |  2.0
Shields        | 1 2 |  2.0
Unarmed Combat | 1 2 |  2.0
Spellcasting   | 1 2 |  2.0
Invocations    | 1 2 |  2.2
Evocations     | 1 2 |  2.0
Conjurations   | 1 |  1.6
Hexes          | 1 |  1.6
Summonings     | 1 |  1.6
Necromancy     | 1 |  1.6
Translocations | 1 |  1.6
Transmutations | 1 |  1.6
Fire Magic     | 1 |  1.6
Ice Magic      | 1 |  1.6
Air Magic      | 1 |  1.6
Earth Magic    | 1 |  1.6
Poison Magic   | 1 |  1.6
Polearms       | 5 |  5.0
Dodging        | 5 |  5.0
Fighting       | |  6.8

Action                   |  1- 3 |  4- 6 || total
-------------------------+-------+-------++-------
Melee: Spear             |     9 |       ||     9
       Short sword       |    11 |    37 ||    48
       Bite              |       |     5 ||     5
       Punch             |       |     1 ||     1
  Use: Scroll            |     1 |       ||     1
 Stab: Sleeping          |     3 |     4 ||     7
Armor: Leather armour    |     2 |    11 ||    13
Dodge: Dodged            |    15 |    27 ||    42

Table legend: (Time is in decaauts)
 A = Elapsed time spent in this place.
 B = Non-inter-level travel time spent in this place.
 C = Inter-level travel time spent in this place.
 D = Time resting spent in this place.
 E = Time spent auto-exploring this place.
 F = Levels seen in this place.
 G = Mean time per level.
                   A        B        C        D        E       F      G
               +--------+--------+--------+--------+--------+-----+--------+
         Total |    560 |    444 |    116 |      0 |    117 |   2 |  280.0 |
       Dungeon |    560 |    444 |    116 |      0 |    117 |   2 |  280.0 |
               +--------+--------+--------+--------+--------+-----+--------+

Top non-repeatable levels by time:
     D:5: 352 daAuts
     D:6: 208 daAuts
